 Dungeon Crawl Stone Soup version 0.28-a0-828-g0121872642 (webtiles) character file.

Game seed: 15793410744809937130

79 iamoutofideas the Firebug (level 4, -2/30 HPs)
             Began as a Demonspawn Fire Elementalist on Nov 10, 2021.
             Slain by a bullfrog zombie (3 damage)
             ... on level 3 of the Dungeon.
             The game lasted 00:03:02 (2473 turns).

iamoutofideas the Firebug (DsFE)                    Turns: 2473, Time: 00:03:03

Health: -2/30      AC:  3    Str:  9    XL:     4   Next: 16%
Magic:  4/8        EV: 12    Int: 17    God:
Gold:   82         SH:  0    Dex: 13    Spells: 3/9 levels left

rFire   . . .      SeeInvis .   (no weapon)
rCold   . . .      Faith    .   (no shield)
rNeg    . . .      Spirit   .   a - +0 robe
rPois   .          Reflect  .   (no helmet)
rElec   .          Harm     .   (no cloak)
rCorr   .          Rampage  .   (no gloves)
Will    .....                   (no boots)
Stlth   ++........              (no amulet)
HPRegen 0.10/turn               (no ring)
MPRegen 0.11/turn               (no ring)

@: no status effects
A: rugged brown scales 1
a: no special abilities


You were on level 3 of the Dungeon.
You visited 1 branch of the dungeon, and saw 3 of its levels.

You collected 82 gold pieces.

Inventory:

Armour
 a - a +0 robe (worn)
Jewellery
 e - an amulet of faith
Scrolls
 b - 3 scrolls of enchant weapon {unknown}
 d - 2 scrolls of identify {unknown}
 h - a scroll of magic mapping {unknown}
 j - 2 scrolls of summoning {unknown}
Potions
 c - a potion of lignification {unknown}
 f - a potion of haste {unknown}
 g - a potion of invisibility {unknown}
 i - a potion of degeneration {unknown}


   Skills:
 + Level 2.1 Dodging
 - Level 1.7 Stealth
 + Level 0.1 Unarmed Combat
 * Level 3.0 Spellcasting
 + Level 1.5 Conjurations
 + Level 3.5 Fire Magic


You had 3 spell levels left.
You knew the following spells:

 Your Spells              Type           Power      Damage    Failure   Level
a - Foxfire               Conj/Fire      44%        2x1d6     6%          1
b - Scorch                Fire           28%        2d6       6%          2
c - Mephitic Cloud        Conj/Pois/Air  4%         N/A       38%         3

Your spell library contained the following spells:

 Spells                   Type           Power      Damage    Failure   Level
 Magic Dart               Conj           28%        1d4       10%         1
 Conjure Flame            Conj/Fire      11%        6-21      19%         3
 Call Imp                 Summ           2%         N/A       26%         2
 Sublimation of Blood     Necr           2%         N/A       26%         2
 Inner Flame              Hex/Fire       8%         N/A       26%         3
 Flame Wave               Conj/Fire      11%        3d4       52%         4
 Petrify                  Tmut/Erth      2%         N/A       86%         4
 Irradiate                Conj/Tmut      2%         3d14      98%         5


Dungeon Overview and Level Annotations

Branches:
Dungeon (3/15)

Altars:

Annotations:
D:3 should try to get shatter online before zigging


Innate Abilities, Weirdness & Mutations

You are partially covered in rugged brown scales. (AC +1, +3% HP)


Message History

Confirm with . or Enter, or press ? or * to list all spells.
There is not enough space to conjure foxfire!
Unknown command.
Casting: Foxfire (safe; 6% risk of failure)
Confirm with . or Enter, or press ? or * to list all spells.
There is not enough space to conjure foxfire!
The foxfire hits the bullfrog zombie.
The bullfrog zombie is lightly damaged.
The bullfrog zombie hits you.
Casting: Foxfire (safe; 6% risk of failure)
Confirm with . or Enter, or press ? or * to list all spells.
You conjure some foxfire!
The bullfrog zombie closely misses you.
The foxfire hits the bullfrog zombie.
The bullfrog zombie is moderately damaged.
The bullfrog zombie hits you but does no damage.
The bullfrog zombie hits you.
Casting: Foxfire (safe; 6% risk of failure)
Confirm with . or Enter, or press ? or * to list all spells.
You conjure some foxfire!
The bullfrog zombie hits you.
* * * LOW HITPOINT WARNING * * *
Unknown command.
Your foxfire dissipates!
The foxfire hits the bullfrog zombie.
The bullfrog zombie is heavily damaged.
Casting: Foxfire (safe; 6% risk of failure)
Confirm with . or Enter, or press ? or * to list all spells.
Flames lash the bullfrog zombie.
The bullfrog zombie is severely damaged.
The bullfrog zombie's fire resistance burns away.
The bullfrog zombie hits you.
* * * LOW HITPOINT WARNING * * *
The bullfrog zombie hits you.
* * * LOW HITPOINT WARNING * * *
Unknown command.
The bullfrog zombie closely misses you.
The bullfrog zombie is no longer more vulnerable to fire.
The bullfrog zombie hits you.
* * * LOW HITPOINT WARNING * * *
The bullfrog zombie hits you.
You die...

#.# #####
#.#####...#
#.......#.#
#######...#
##.## #.#
#.# #.# #@#
#Z# #.# #.#
#r# #.# #.#
#.# #.####


You could see a bullfrog zombie and a quokka.

Vanquished Creatures
  3 adders
  A worm (D:3)
  A dart slug (D:1)
  5 endoplasms
  4 goblins
  5 hobgoblins
  3 jackals (D:1)
  A quokka (D:1)
  5 ball pythons
  7 bats
  3 frilled lizards
  5 kobolds
  3 rats
46 creatures vanquished.

Vanquished Creatures (collateral kills)
  3 foxfires (D:1)
3 creatures vanquished.

Vanquished Creatures (others)
  184 foxfires
184 creatures vanquished.

Grand Total: 233 creatures vanquished

Notes
Turn   | Place    | Note
-------+----------+-------------------------------------------
     0 | D:1      | iamoutofideas the Demonspawn Fire Elementalist began the
                  | quest for the Orb.
     0 | D:1      | Reached XP level 1. HP: 13/13 MP: 3/3
   145 | D:1      | Found a faded altar of an unknown god.
   181 | D:1      | Gained mutation: You are partially covered in rugged brown
                  | scales. (AC +1, +3% HP) [demonic ancestry]
   181 | D:1      | Reached XP level 2. HP: 2/19 MP: 0/5
   882 | D:1      | You fall into a shaft and drop 1 floor!
  1077 | D:2      | Reached XP level 3. HP: 24/24 MP: 2/6
  1954 | D:3      | Learned a level 2 spell: Scorch
  1958 | D:3      | Learned a level 3 spell: Mephitic Cloud
  2244 | D:3      | Reached XP level 4. HP: 30/30 MP: 5/8
  2470 | D:3      | HP: 1/30 [bullfrog zombie (4)]
  2473 | D:3      | Slain by a bullfrog zombie

Illustrated notes

Levels and vault maps discovered:
D:1:      eino_arrival_tree_alley, layout_rooms,
          shapermc_ecumenical_altar_flowoftime
D:2:      layout_loops_ring
D:3:      layout_loops_ring, serial_shops, shop

Skill      XL: |  1  2  3  4 |
---------------+-------------+-----
Fire Magic     | 3 |  3.5
Dodging        | 2 |  2.1
Spellcasting   | 3 |  3.0
Stealth        | |  1.7
Unarmed Combat | |  0.1
Conjurations   | |  1.5

Action                   |  1- 3 |  4- 6 || total
-------------------------+-------+-------++-------
Melee: Unarmed           |    25 |     1 ||    26
 Cast: Foxfire           |   105 |    15 ||   120
       Scorch            |       |     1 ||     1
Armor: Robe              |    10 |     2 ||    12
Dodge: Dodged            |    52 |     7 ||    59

Table legend: (Time is in decaauts)
 A = Elapsed time spent in this place.
 B = Non-inter-level travel time spent in this place.
 C = Inter-level travel time spent in this place.
 D = Time resting spent in this place.
 E = Time spent auto-exploring this place.
 F = Levels seen in this place.
 G = Mean time per level.
                   A        B        C        D        E       F      G
               +--------+--------+--------+--------+--------+-----+--------+
         Total |   2472 |   2431 |     41 |     56 |   2007 |   3 |  824.0 |
       Dungeon |   2472 |   2431 |     41 |     56 |   2007 |   3 |  824.0 |
               +--------+--------+--------+--------+--------+-----+--------+

Top non-repeatable levels by time:
     D:2: 1028 daAuts
     D:1: 882 daAuts
     D:3: 561 daAuts
